 Dungeon Crawl Stone Soup version 0.29-a0-469-gd254ca6 (webtiles) character file.

Game seed: 4175614652483439315

685 Think the Cutter (level 7, -3/48 (50) HPs)
             Began as an Octopode Fighter on May 22, 2022.
             Was an Elder of Lugonu.
             Slain by a wight
             ... wielding a +3 flail of freezing
              (4 damage)
             ... on level 5 of the Dungeon.
             The game lasted 00:10:25 (4931 turns).

Think the Cutter (Octopode Fighter)                 Turns: 4931, Time: 00:10:27

HP:   -3/48 (50)    AC:  3    Str: 15    XL:     7   Next: 62%
MP:   0/7           EV: 13    Int: 10    God:    Lugonu [****..]
Gold: 200           SH:  5    Dex: 12    Spells: 6/6 levels left

rFire   + . .      SeeInvis .   u - +4 dagger (protect)
rCold   . . .      Faith    .   b - +1 buckler
rNeg    . . .      Spirit   +   (helmet restricted)
rPois   .          Reflect  .   x - amulet of guardian spirit
rElec   .          Harm     .   o - ring of protection from fire
rCorr   .          Rampage  .   (no ring)
Will    .....                   (no ring)
Stlth   ++........              (no ring)
HPRegen 0.16/turn               (no ring)
MPRegen 0.10/turn               (no ring)
                                (no ring)
                                (no ring)

@: lightly drained
A: almost no armour, amphibious, 8 rings, camouflage 1, gelatinous body 1,
(nimble swimmer 1), tentacles, tentacle spike 1, iridescent scales 1, weak 1
a: Renounce Religion, Depart the Abyss, Bend Space, Banish, Corrupt


You were on level 5 of the Dungeon.
You worshipped Lugonu.
Lugonu was greatly pleased with you.
You visited 1 branch of the dungeon, and saw 5 of its levels.
You also visited: Sewer.

You collected 200 gold pieces.

Inventory:

Hand Weapons
 u - a +4 dagger of protection (weapon)
Missiles
 j - 2 throwing nets (quivered)
Armour
 b - a +1 buckler (worn)
Jewellery
 a - a ring of fire
 m - a ring of flight
 o - a ring of protection from fire (left tentacle)
 x - an amulet of guardian spirit (around mantle)
Wands
 c - a wand of digging (1)
 h - a wand of flame (22)
Scrolls
 e - 2 scrolls of vulnerability
 i - 2 scrolls of enchant armour
 k - a scroll of magic mapping
 q - a scroll of fog {unknown}
 s - 2 scrolls of fear
 t - a scroll of blinking
 y - a scroll of amnesia {unknown}
Potions
 g - 3 potions of resistance
 n - a potion of attraction {unknown}
 p - a potion of magic {unknown}
 r - a potion of berserk rage {unknown}
 v - a potion of brilliance {unknown}


   Skills:
 + Level 5.5 Fighting
 * Level 6.9 Short Blades
 - Level 3.0 Dodging
 - Level 3.0 Shields


You had 6 spell levels left.
You didn't know any spells.
Your spell library contained the following spells:

 Spells                   Type           Power      Damage    Failure   Level
 Freeze                   Ice            0%         1d3       45%         1
 Frozen Ramparts          Ice            0%         1d2       83%         3
 Hailstorm                Conj/Ice       0%         3d3       99%         4


Dungeon Overview and Level Annotations

Branches:
Dungeon (5/15)              Sewer (visited)
 Temple: D:4-7

Altars:
Nemelex Xobeh
The Shining One
Lugonu


Innate Abilities, Weirdness & Mutations

You cannot wear most types of armour.
You are amphibious.
You can wear up to eight rings at the same time.
Your skin changes colour to match your surroundings (Stealth+).
Your rubbery body absorbs attacks. (AC +1, EV +1)
((You are camouflaged when in or above water. (Stealth+)))
You have tentacles for arms and can constrict up to eight enemies at once.
One of your tentacles bears a spike.
You are partially covered in iridescent scales. (AC +2)
You are weak. (Str -2)


Message History

The orc shouts!
The orc wizard looks frightened!
The orc wizard mumbles some strange words.
The orc wizard flickers and vanishes!
Deactivating autopickup; reactivate with Ctrl-A.
Okay, then.
As you read the scroll of teleportation, it crumbles to dust.
You feel strangely unstable.
Your surroundings suddenly seem different.
An ogre comes into view. It is wielding a +0 giant club.
The ogre hits you with a +0 giant club!!
Ouch! That really hurt!
You hit the ogre.
Your weapon exudes an aura of protection.
The ogre is lightly wounded.
Okay, then.
Okay, then.
Space bends violently around you!
You blink.
A scorpion comes into view.
Okay, then.
Okay, then.
As you read the scroll of teleportation, it crumbles to dust.
You feel strangely unstable.
Your surroundings suddenly seem different. 3 wights and an adder come into view.
A wight is wielding a +3 flail of freezing.
The wight hits you with a +3 flail of freezing!
* * * LOW HITPOINT WARNING * * *
The wight freezes you.
* * * LOW HITPOINT WARNING * * *
Okay, then.
Okay, then.
Okay, then.
It was a potion of curing.
You feel better.
The adder hisses angrily.
You block the wight's attack.
The wight hits you with a +3 flail of freezing!
* * * LOW HITPOINT WARNING * * *
You feel drained.
You die...

#...........
...######.#.#
#.#####..... #
#.....<....#
#.
#.#####.....
###.## ##.#.#
#..... #.#..
#....z######.#
#.#.#
#..z..@.......
#.#..
#.S..z######..
... # #.....
## ######


You could see 3 wights and an adder.

Vanquished Creatures
  A kobold brigand (Sewer)
  2 scorpions
  3 wights (D:4)
  3 hounds
  Terence (D:3)
  Jessica (D:3)
  An iguana (D:4)
  A gnoll (D:4)
  5 adders
  3 river rats (Sewer)
  4 worms
  2 dart slugs
  5 orcs
  4 ball pythons
  6 endoplasms
  6 giant cockroaches
  4 goblins
  4 hobgoblins
  3 jackals
  11 kobolds
  2 quokkas
  7 bats
  5 frilled lizards
  5 rats
89 creatures vanquished.

Vanquished Creatures (others)
  A fungus (D:1)
  5 plants (Sewer)
6 creatures vanquished.

Grand Total: 95 creatures vanquished

Notes
Turn   | Place    | Note
-------+----------+-------------------------------------------
     0 | D:1      | Think the Octopode Fighter began the quest for the Orb.
     0 | D:1      | Reached XP level 1. HP: 16/16 MP: 1/1
   257 | D:1      | Reached XP level 2. HP: 20/21 MP: 2/2
   454 | D:1      | Found a faded altar of an unknown god.
   454 | D:1      | Noticed an orange demon
   462 | D:1      | Prayed at the altar of an unknown god.
   462 | D:1      | Became a worshipper of Lugonu the Unformed
   462 | D:1      | Reached * piety under Lugonu
   462 | D:1      | Reached ** piety under Lugonu
  1141 | D:2      | Reached skill level 3 in Short Blades
  1225 | D:2      | Reached XP level 3. HP: 26/26 MP: 3/3
  1416 | D:2      | Found a glowing golden altar of the Shining One.
  1821 | D:2      | Reached XP level 4. HP: 32/32 MP: 4/4
  1966 | D:3      | Found a sparkling altar of Nemelex Xobeh.
  2215 | D:3      | Found a glowing drain.
  2230 | Sewer    | Entered a sewer
  2262 | Sewer    | Reached *** piety under Lugonu
  2267 | Sewer    | Reached skill level 4 in Short Blades
  2413 | Sewer    | Reached XP level 5. HP: 36/37 MP: 5/5
  2501 | Sewer    | Noticed a kobold brigand
  2511 | Sewer    | Killed a kobold brigand
  2739 | D:3      | Noticed Terence
  2747 | D:3      | Killed Terence
  2748 | D:3      | Reached skill level 5 in Short Blades
  2748 | D:3      | Reached XP level 6. HP: 36/44 MP: 6/6
  2827 | D:3      | Noticed Jessica
  2832 | D:3      | Killed Jessica
  2875 | D:3      | Gained mutation: Your natural rate of healing is unusually
                  | fast. [potion of mutation]
  2875 | D:3      | Gained mutation: You sometimes lose the ability to read
                  | scrolls when taking damage. [potion of mutation]
  2876 | D:3      | Lost mutation: You sometimes lose the ability to read
                  | scrolls when taking damage. [potion of mutation]
  2876 | D:3      | Lost mutation: Your natural rate of healing is unusually
                  | fast. [potion of mutation]
  2876 | D:3      | Gained mutation: One of your tentacles bears a spike.
                  | [potion of mutation]
  2876 | D:3      | Gained mutation: You sometimes lose the ability to read
                  | scrolls when taking damage. [potion of mutation]
  2876 | D:3      | Gained mutation: Potions are less effective at restoring
                  | your health. [potion of mutation]
  2876 | D:3      | Gained mutation: You expend magic power (3 MP) to
                  | strengthen your wands. [potion of mutation]
  3760 | D:4      | Reached skill level 5 in Fighting
  3760 | D:4      | Reached skill level 6 in Short Blades
  3760 | D:4      | Reached XP level 7. HP: 33/50 MP: 7/7
  4679 | D:4      | Lost mutation: You expend magic power (3 MP) to strengthen
                  | your wands. [potion of mutation]
  4679 | D:4      | Lost mutation: Potions are less effective at restoring your
                  | health. [potion of mutation]
  4679 | D:4      | Lost mutation: You sometimes lose the ability to read
                  | scrolls when taking damage. [potion of mutation]
  4679 | D:4      | Gained mutation: You are weak. (Str -2) [potion of
                  | mutation]
  4679 | D:4      | Gained mutation: You are partially covered in iridescent
                  | scales. (AC +2) [potion of mutation]
  4758 | D:5      | Entered Level 5 of the Dungeon
  4798 | D:5      | Reached **** piety under Lugonu
  4931 | D:5      | HP: 1/50 [wight/+3 flail of freezing (12)]
  4931 | D:5      | Slain by a wight

Illustrated notes

Levels and vault maps discovered:
D:1:      dpeg_cavernosity, layout_basic,
          dreamdust_ecumenical_altar_sealed_demon, serial_bayou_crossing
D:2:      layout_basic, basic_altar, roderic_lattice_a
D:3:      layout_basic, general_overflow_altar, cheibrodos_sewer_entry_bend,
          kennysheep_generic_room_12, uniq_jessica, uniq_terence
D:4:      layout_gridville, kennysheep_small_circle
D:5:      layout_loops_ring, serial_glass, glass_columns_c, glass_columns_a,
          minivault_23, due_unseen_surprise

Skill      XL: |  1  2  3  4  5  6 |
---------------+-------------------+-----
Short Blades   | 3 4 5 6 |  6.9
Fighting       | 4 5 |  5.5
Dodging        | |  3.0
Shields        | |  3.0

Action                   |  1- 3 |  4- 6 |  7- 9 || total
-------------------------+-------+-------+-------++-------
Melee: Rapier            |    65 |    59 |       ||   124
       Constrict         |    16 |    26 |    13 ||    55
       Tentacles         |    13 |    22 |     7 ||    42
       Punch             |     1 |     1 |       ||     2
       Dagger            |       |    30 |    35 ||    65
       Kick              |       |    13 |    17 ||    30
Invok: Bend Space        |       |       |     2 ||     2
  Use: Potion            |     2 |     4 |     4 ||    10
       Scroll            |     1 |     4 |     7 ||    12
 Stab: Sleeping          |     8 |     5 |     1 ||    14
       Distracted        |       |     1 |       ||     1
Armor: Skin              |     8 |     6 |     7 ||    21
Dodge: Dodged            |    29 |    35 |    21 ||    85
Block: Buckler           |     7 |    16 |     6 ||    29

Table legend: (Time is in decaauts)
 A = Elapsed time spent in this place.
 B = Non-inter-level travel time spent in this place.
 C = Inter-level travel time spent in this place.
 D = Time resting spent in this place.
 E = Time spent auto-exploring this place.
 F = Levels seen in this place.
 G = Mean time per level.
                   A        B        C        D        E       F      G
               +--------+--------+--------+--------+--------+-----+--------+
         Total |   4905 |   4603 |    302 |    360 |   3558 |   6 |  817.5 |
       Dungeon |   4437 |   4135 |    302 |    360 |   3201 |   5 |  887.4 |
         Sewer |    467 |    467 |      0 |      0 |    357 |   1 |  467.0 |
               +--------+--------+--------+--------+--------+-----+--------+

Top non-repeatable levels by time:
     D:4: 1330 daAuts
     D:1: 1128 daAuts
     D:3: 1067 daAuts
     D:2: 742 daAuts
   Sewer: 467 daAuts
     D:5: 168 daAuts
